 Zot Defence DCSS version 0.14.2 (webtiles) character file.

459 Kira the Conjurer (level 6, 0/1 (33) HPs)
             Began as a Deep Elf Conjurer on Oct 21, 2015.
             Rotted away (a rat)
             ... in the Realm of Zot (Scenario I: Hall of Zot).
             The game lasted 00:07:37 (1161 turns).

Kira the Conjurer (Deep Elf Conjurer)               Turns: 1161, Time: 00:07:39

HP   0/1 (33)    AC  2     Str  5      XL: 6   Next: 78%
MP  16/20        EV 13     Int 22      God:
Gold 0           SH  0     Dex 15      Spells:  4 memorised,  3 levels left

rFire  . . .     SeeInvis .     j - +0 club
rCold  . . .     Clarity  .     a - +0 robe
rNeg   . . .     Conserve .     (no shield)
rPois  .         rCorr    .     (no helmet)
rElec  .         rRot     .     (no cloak)
SustAb . .       Spirit   .     (no gloves)
rMut   .         Warding  .     (no boots)
Saprov . . .     Stasis   .     (no amulet)
MR     .....                    (no ring)
                                (no ring)

@: not resistant to hostile enchantments, fairly stealthy
A: no striking features
a: Make dart trap, Make oklob sapling, Make arrow trap, Make plant, Remove
Curse, Make burning bush, Make altar, Make grenades


You were in the Realm of Zot.
You were not hungry.

You visited 1 branch

Inventory:

Hand weapons
 j - a +0,+0 club (weapon)
Armour
 a - a +0 robe (worn)
Comestibles
 d - a bread ration
Scrolls
 i - a scroll of blinking
Potions
 b - 3 potions of curing
 e - a potion of heal wounds
 f - a potion of haste
 g - 2 potions of magic
 h - a potion of berserk rage
Books
 c - a book of Conjurations

   Spells                             Type                      Level
   *Magic Dart                        Conjuration                  1
   *Searing Ray                       Conjuration                  2
   Dazzling Spray                     Conjuration/Hexes            3
   *Fulminant Prism                   Conjuration/Hexes            4
   *Iskenderun's Mystic Blast         Conjuration                  4
   Iskenderun's Battlesphere          Conjuration/Charms           5


   Skills:
 + Level 0.5 Fighting
 + Level 0.4 Maces & Flails
 + Level 2.9 Dodging
 - Level 2.4 Stealth
 + Level 4.6 Spellcasting
 + Level 8.1 Conjurations


You had 3 spell levels left.
You knew the following spells:

 Your Spells              Type           Power        Failure   Level  Hunger
a - Magic Dart            Conj           ####         1%          1    None
b - Iskenderun's Mystic   Conj           #####...     4%          4    ####...
c - Fulminant Prism       Conj/Hex       ###.......   21%         4    ####...
d - Searing Ray           Conj           #####.       1%          2    None


Dungeon Overview and Level Annotations

Branches:
    Zot (1/1)

Altars:


Message History

Casting: Magic Dart
Confirm with . or Enter, or press ? or * to list all spells.
Aiming: Magic Dart
Press: ? - help, Shift-Dir - straight line, f - kobold
Aim: a kobold, wielding a dagger The magic dart hits the kobold.
The kobold is moderately wounded.
Your flesh rots away as the Orb of Zot is desecrated. x5
Casting: Magic Dart
Confirm with . or Enter, or press ? or * to list all spells.
Aiming: Magic Dart
Press: ? - help, Shift-Dir - straight line, f/p - kobold
Aim: a kobold, wielding a dagger (moderately wounded)
The magic dart hits the kobold.
You kill the kobold!
Your flesh rots away as the Orb of Zot is desecrated. x3
Ouch! That really hurt!
Your flesh rots away as the Orb of Zot is desecrated.
Ouch! That really hurt!
You die...

▓▓▓▓ ▓▓▓▓▓▓▓▓▓▓▓▓ ▓▓▓▓
▓▓▓▓........ ...▓▓▓
▓▓▓........... .....▓▓
▓▓............. ......▓ ▓▓▓▓▓▓▓▓▓
▓..............
......▓▓▓.......▓▓▓..............
......▓▓.........▓▓..............
......▓.....).....▓..............
............rg..@................
......▓...........▓..............
......▓▓.........▓▓..............
......▓▓▓.......▓▓▓..............
......# ▓▓▓▓▓▓▓▓▓ #..............
.....## ##............. ...###
###........... #### ####........
##### #############


You could see a goblin and a rat.

Vanquished Creatures
  A warg (Zot)
  A wolf (Zot)
  An orc (Zot)
  A giant cockroach (Zot)
  2 jackals (Zot)
  2 bats (Zot)
  2 goblins (Zot)
  3 kobolds (Zot)
  A rat (Zot)
14 creatures vanquished.

Vanquished Creatures (collateral kills)
  A phantom (Zot)
  A giant eyeball (Zot)
  A bat (Zot)
  5 goblins (Zot)
  5 jackals (Zot)
  A quokka (Zot)
  4 rats (Zot)
18 creatures vanquished.

Vanquished Creatures (others)
  2 oklob saplings (Zot)
2 creatures vanquished.

Grand Total: 34 creatures vanquished

Notes
Turn   | Place    | Note
--------------------------------------------------------------
     0 | Zot      | Kira, the Deep Elf Conjurer, began the quest for the Orb.
     0 | Zot      | Reached XP level 1. HP: 10/10 MP: 5/5
   204 | Zot      | Reached XP level 2. HP: 15/15 MP: 0/8
   222 | Zot      | Reached skill level 5 in Conjurations
   971 | Zot      | Noticed a wolf
   976 | Zot      | Killed a wolf
   976 | Zot      | Reached skill level 6 in Conjurations
   976 | Zot      | Reached XP level 3. HP: 19/19 MP: 6/11
   976 | Zot      | Reached XP level 4. HP: 24/24 MP: 7/14
   976 | Zot      | Reached XP level 5. HP: 28/28 MP: 8/17
   981 | Zot      | Noticed a warg
   991 | Zot      | Killed a warg
   991 | Zot      | Reached skill level 7 in Conjurations
   991 | Zot      | Reached XP level 6. HP: 29/32 MP: 2/20
  1004 | Zot      | Learned a level 4 spell: Iskenderun's Mystic Blast
  1009 | Zot      | Learned a level 4 spell: Fulminant Prism
  1012 | Zot      | Learned a level 2 spell: Searing Ray
  1123 | Zot      | Reached skill level 8 in Conjurations
  1161 | Zot      | Rotted away (a rat)

Action                   |  1- 3 |  4- 6 || total
-------------------------+-------+-------++-------
Melee: Club              |    27 |       ||    27
 Cast: Magic Dart        |    11 |    14 ||    25
 Abil: Make oklob saplin |     1 |     3 ||     4
       Make dart trap    |     1 |       ||     1
       Make plant        |       |     1 ||     1
